 Dungeon Crawl Stone Soup version 0.28.0-1-gb440e238dd (webtiles) character file.

Game seed: 1496267605188703494

5933 avis the Cleaver (level 10, -2/150 HPs)
             Began as a Hill Orc Monk on Feb 21, 2022.
             Was a Priest of Beogh.
             Killed by vampiric draining
             ... invoked by a vampire
              (15 damage)
             ... on level 7 of the Dungeon.
             The game lasted 00:48:20 (9379 turns).

avis the Cleaver (Hill Orc Monk)                    Turns: 9379, Time: 00:48:20

Health: -2/150     AC: 32    Str: 28    XL:     10   Next: 83%
Magic:  15/15      EV:  2    Int: 16    God:    Beogh [***...]
Gold:   205        SH:  5    Dex: 15    Spells: 9/9 levels left

rFire   . . .      SeeInvis .   b - +2 mace (protect)
rCold   . . .      Faith    .   (no shield)
rNeg    . . .      Spirit   .   (armour currently unavailable)
rPois   +          Reflect  +   (helmet currently unavailable)
rElec   .          Harm     .   (cloak currently unavailable)
rCorr   .          Rampage  .   (gloves currently unavailable)
Will    .....      NoTele   +   (boots currently unavailable)
Stlth   +.........              D - amulet of reflection
HPRegen 0.35/turn               u - ring "Qiatt" {Str+9 Int+6 Dex+2 Stlth-}
MPRegen 0.14/turn               (no ring)

@: tree-form, under a protective aura, hasted, invisible, very quick
A: stationary, stasis, torment immunity, boosted hp
a: Renounce Religion, Smiting


You were on level 7 of the Dungeon.
You worshipped Beogh.
Beogh was most pleased with you.
You were a tree.
You visited 2 branches of the dungeon, and saw 8 of its levels.

You collected 403 gold pieces.
You spent 198 gold pieces at shops.

Inventory:

Hand Weapons
 a - a +0 hand axe
 b - a +2 mace of protection (weapon)
 f - a +2 whip of freezing
 g - a +1 whip of venom
 k - a +0 trident of freezing
 w - a +2 whip of venom
 N - a +0 glaive
 P - the +7 short sword of Edouqedd {elec, rPois rN+ Will+ Int-4}
   (You found it on level 7 of the Dungeon)

   It occasionally discharges a powerful burst of electricity upon striking a
   foe.
   Int:       It affects your intelligence (-4).
   rPois:     It protects you from poison.
   rN:        It protects you from negative energy.
   Will:      It increases your willpower.
Missiles
 i - 9 poisoned darts (quivered)
 l - 77 stones
 p - 2 throwing nets
 s - 3 curare-tipped darts
 v - 67 arrows
 y - 56 bolts
Armour
 h - a +2 pair of boots
 o - a +0 pair of gloves (melded)
 r - a +1 helmet (melded)
 z - a +1 cloak (melded)
 B - +0 ice dragon scales (melded)
 G - a +0 pair of boots (melded)
 M - a +0 chain mail
Jewellery
 n - an amulet of reflection
 u - the ring "Qiatt" (left branch) {Str+9 Int+6 Dex+2 Stlth-}
   (You took it off a goblin on level 3 of the Dungeon)

   [ring of intelligence]

   Str:       It affects your strength (+9).
   Int:       It affects your intelligence (+6).
   Dex:       It affects your dexterity (+2).
   Stlth:     It makes you less stealthy.
 D - an amulet of reflection (around neck)
Wands
 e - a wand of polymorph (3)
 m - a wand of flame (16)
 E - a wand of iceblast (6)
 O - a wand of mindburst (3)
Scrolls
 c - a scroll of amnesia {unknown}
 j - 2 scrolls of enchant weapon {unknown}
 t - a scroll of fear {unknown}
 x - 4 scrolls of teleportation {unknown}
 A - a scroll of blinking {unknown}
 H - 2 scrolls of immolation {unknown}
 Q - a scroll of vulnerability {unknown}
Potions
 d - a potion of cancellation
 q - 4 potions of flight
 C - a potion of curing
 F - 3 potions of lignification


   Skills:
 - Level 12.7 Fighting
 + Level 13.4 Axes
 - Level 5.0 Armour
 * Level 4.9 Dodging
 - Level 1.5 Stealth
 - Level 7.7 Invocations


You had 9 spell levels left.
You didn't know any spells.
Your spell library contained the following spells:

 Spells                   Type           Power      Damage    Failure   Level
 Beastly Appendage        Tmut           0%         N/A       26%         1
 Scorch                   Fire           0%         2d5       36%         2
 Wereblood                Tmut           0%         N/A       36%         2
 Spider Form              Tmut/Pois      0%         N/A       58%         3
 Flame Wave               Conj/Fire      0%         2d4       94%         4
 Petrify                  Tmut/Erth      0%         N/A       94%         4
 Metabolic Englaciation   Hex/Ice        0%         N/A       100%        5
 Statue Form              Tmut/Erth      0%         N/A       100%        6
 Summon Cactus Giant      Summ           0%         N/A       100%        6


Dungeon Overview and Level Annotations

Branches:
Dungeon (7/15)             Temple (1/1) D:4

Altars:
Qazlal

Shops:
D:2 [   D:5 !

Annotations:
D:4 Deep water exploraion.


Message History

Really quaff the potion of lignification?
You turn into a tree.
Your +1 cloak melds into your body.
Your +1 helmet melds into your body.
Your +0 pair of gloves melds into your body.
Your +0 pair of boots melds into your body.
Your +0 ice dragon scales melds into your body.
Your roots penetrate the ground.
You cannot move. (Use ctrl+direction or * direction to attack without moving.)
You cannot move. (Use ctrl+direction or * direction to attack without moving.)
You cannot move. (Use ctrl+direction or * direction to attack without moving.)
You cannot move. (Use ctrl+direction or * direction to attack without moving.)
You cannot move. (Use ctrl+direction or * direction to attack without moving.)
You cannot move. (Use ctrl+direction or * direction to attack without moving.)
You barely miss something. Something hits you but does no damage.
Something bites you but does no damage.
You attack the rock wall.
You swing at nothing.
Something hits you.
* * * LOW HITPOINT WARNING * * *
Something bites you.
* * * LOW HITPOINT WARNING * * *
Something draws strength from your injuries!
You barely miss something.
You feel less confused. Something hits you.
* * * LOW HITPOINT WARNING * * *
Something bites you but does no damage.
You barely miss something. You miss something. Something hits you.
* * * LOW HITPOINT WARNING * * *
Something bites you but does no damage.
You sock something!
Your weapon exudes an aura of protection.
Something hits you.
* * * LOW HITPOINT WARNING * * *
Something bites you but does no damage.
You sock something! You barely miss something.
Something hits you but does no damage. Something bites you but does no damage.
You barely miss something.
You die...

# # # ##### #####
#...## ##...##
.....# #.....#
.....# #.....#
.....# #....##
.....# #.♣..#
#...############{..#
#...##...#..#.##...#
...........#.......#
#..........#.......#
#..........+.......#
#...#########......#
#...###.>.######'###
#.....#............#


There were no monsters in sight!

Vanquished Creatures
  Pikel (D:4)
  Sigmund (D:4)
  A steam dragon (D:7)
  Eustachio (D:5)
  An acid dragon (D:7)
  A water moccasin (D:5)
  Duvessa (D:4)
  An orc warrior (D:6)
  2 necrophages (D:5)
  An ice beast (D:5)
  A sky beast (D:6)
  3 ogres
  A centaur (D:7)
  A phantom (D:3)
  Blork the orc (D:5)
  2 bullfrogs
  2 scorpions
  2 water moccasin skeletons
  Dowan (D:4)
  A bullfrog skeleton (D:5)
  Crazy Yiuf (D:3)
  A centaur zombie (D:7)
  A jelly (D:6)
  An orc priest (D:6)
  Terence (D:3)
  5 orc wizards
  Natasha (thrice) (D:4)
  2 iguanas (D:5)
  A killer bee zombie (D:5)
  A hound skeleton (D:4)
  Robin (D:2)
  10 adders
  A howler monkey skeleton (D:6)
  A white imp (D:6)
  An ufetubus (D:3)
  2 worms
  20 orcs
  9 ball pythons
  6 bats
  6 endoplasms
  4 giant cockroaches
  15 goblins
  A hobgoblin (D:1)
  10 jackals
  10 quokkas
  5 frilled lizards
  4 kobolds
  8 rats
157 creatures vanquished.

Vanquished Creatures (others)
  8 plants (D:1)
8 creatures vanquished.

Grand Total: 165 creatures vanquished

Notes
Turn   | Place    | Note
-------+----------+-------------------------------------------
     0 | D:1      | avis the Hill Orc Monk began the quest for the Orb.
     0 | D:1      | Reached XP level 1. HP: 19/19 MP: 1/1
   502 | D:1      | Reached XP level 2. HP: 26/27 MP: 2/2
   798 | D:1      | Reached XP level 3. HP: 32/35 MP: 3/3
   899 | D:1      | Reached skill level 5 in Fighting
  1314 | D:1      | Found a faded altar of an unknown god.
  1404 | D:2      | Noticed Robin
  2300 | D:2      | Killed Robin
  2301 | D:2      | Reached skill level 5 in Axes
  2301 | D:2      | Reached XP level 4. HP: 5/42 MP: 4/4
  3330 | D:2      | Found Zusen's Armour Boutique.
  3779 | D:3      | Reached skill level 6 in Axes
  3826 | D:3      | Noticed Terence
  3918 | D:3      | HP: 2/42 [Terence (6)]
  3988 | D:3      | Killed Terence
  3989 | D:3      | Reached XP level 5. HP: 14/48 MP: 5/5
  4011 | D:3      | Identified the ring "Qiatt" {Str+9 Int+6 Dex+2 Stlth-}
  4436 | D:3      | Reached skill level 7 in Axes
  4488 | D:3      | Became a worshipper of Beogh the Brigand
  4488 | D:3      | Reached * piety under Beogh
  4488 | D:3      | Reached ** piety under Beogh
  4497 | D:3      | Found a stormy altar of Qazlal.
  4768 | D:3      | Found a runed translucent door.
  4769 | D:3      | Noticed Crazy Yiuf
  4780 | D:3      | Killed Crazy Yiuf
  4948 | D:4      | Noticed Duvessa
  4949 | D:4      | Noticed Dowan
  4987 | D:4      | Reached XP level 6. HP: 51/56 MP: 6/6
  5056 | D:4      | Noticed Pikel
  5057 | D:4      | Noticed Sigmund
  5111 | D:4      | Killed Pikel
  5112 | D:4      | Reached skill level 10 in Axes
  5112 | D:4      | Reached XP level 7. HP: 21/63 MP: 7/7
  5122 | D:4      | Killed Sigmund
  5123 | D:4      | Reached XP level 8. HP: 14/73 MP: 8/8
  5429 | D:4      | Killed Duvessa
  5433 | D:4      | Killed Dowan
  5695 | D:4      | Found a staircase to the Ecumenical Temple.
  5704 | Temple   | Entered the Ecumenical Temple
  5798 | D:4      | Noticed Natasha
  5820 | D:4      | Killed Natasha
  5842 | D:4      | Noticed Natasha
  5857 | D:4      | Killed Natasha
  6234 | D:4      | Noticed Natasha
  6239 | D:4      | Killed Natasha
  6520 | D:5      | Entered Level 5 of the Dungeon
  6604 | D:5      | Noticed Blork the orc
  6614 | D:5      | Killed Blork the orc
  6736 | D:5      | Noticed Eustachio
  6746 | D:5      | Reached skill level 10 in Fighting
  6781 | D:5      | Killed Eustachio
  6782 | D:5      | Reached skill level 11 in Axes
  6782 | D:5      | Reached XP level 9. HP: 57/85 MP: 9/9
  7086 | D:5      | Reached skill level 12 in Axes
  7138 | D:5      | Identified the +1 ring mail "Iqacio" {Will+}
  7325 | D:5      | Found Pelol's Distillery.
  7332 | D:5      | Bought a potion of curing for 33 gold pieces
  7332 | D:5      | Bought a potion of heal wounds for 55 gold pieces
  7332 | D:5      | Bought a potion of haste for 110 gold pieces
  7906 | D:5      | Reached skill level 13 in Axes
  8096 | D:6      | Reached skill level 1 in Invocations
  8580 | D:6      | Reached *** piety under Beogh
  8785 | D:7      | Identified the +7 short sword of Edouqedd {elec, rPois rN+
                  | Will+ Int-4}
  8855 | D:7      | Reached skill level 5 in Armour
  8855 | D:7      | Reached XP level 10. HP: 100/100 MP: 12/15
  9379 | D:7      | Killed from afar by a vampire

Illustrated notes

Levels and vault maps discovered:
D:1:      dpeg_arrival_circle_labyrinth_c, layout_basic,
          dilly_ecumenical_altar_fadedgnrine, st_stairs_11, patterned_corridor
D:2:      layout_rooms, serial_shops, nicolae_square_shop,
          minmay_split_cup_large, uniq_robin
D:3:      layout_rooms, grunt_qazlal_clouds, nicolae_elevator_lobby_plus,
          uniq_crazy_yiuf_cottage, uniq_terence
D:4:      layout_gridville, minmay_temple_entry_glassed_door, serial_rivers,
          chequers_serial_rivers_small_3, chequers_serial_rivers_micro_a,
          chequers_serial_rivers_room_b, chequers_serial_rivers_marsh,
          chequers_serial_rivers_large_a, chequers_serial_rivers_large_b,
          eino_small_chamber_without_monster, uniq_sigmund, uniq_natasha,
          uniq_pikel, uniq_duvessa
D:5:      layout_rooms, serial_shops, nicolae_shop_crystal,
          minmay_misc_feat_plants, st_stairs_2, uniq_eustachio,
          uniq_blork_the_orc
D:6:      layout_rooms
D:7:      layout_gridville, minmay_small_thing
Temple:   mainiacjoe_temple_hex_bubbles

Skill      XL: |  1  2  3  4  5  6  7  8  9 |
---------------+----------------------------+-----
Fighting       | 4 5 6 7 10 12 | 12.7
Axes           | 5 6 7 10 11 13 | 13.4
Invocations    | 7 |  7.7
Armour         | 5 |  5.0
Dodging        | 4 |  4.9
Stealth        | |  1.5

Action                   |  1- 3 |  4- 6 |  7- 9 | 10-12 || total
-------------------------+-------+-------+-------+-------++-------
Melee: Hand axe          |   146 |   214 |   135 |       ||   495
       Punch             |     3 |     2 |     8 |     1 ||    14
       Dagger            |       |     7 |       |       ||     7
       Whip              |       |       |    20 |       ||    20
       Mace              |       |       |   209 |    52 ||   261
       Unarmed           |       |       |     1 |       ||     1
Throw: Dart              |       |     2 |    13 |       ||    15
Invok: Convert to Beogh  |       |     1 |       |       ||     1
  Use: Scroll            |       |       |     6 |       ||     6
       Potion            |       |       |     1 |     4 ||     5
 Stab: Sleeping          |     3 |     1 |       |       ||     4
Armor: Leather armour    |    37 |    14 |       |       ||    51
       Chain mail        |       |    80 |    91 |       ||   171
       Skin              |       |       |    10 |     7 ||    17
       Ice dragon scales |       |       |    64 |    46 ||   110
Dodge: Dodged            |    84 |   103 |   114 |    51 ||   352
Block: Other             |       |    15 |    60 |    10 ||    85
       Reflection        |       |       |       |     2 ||     2
